 Dungeon Crawl Stone Soup version 0.23.2 (webtiles) character file.

Game seed: 3947317252167783933

31784 sagitran the Cleaver (level 13, -15/154 HPs)
             Began as a Human Wanderer on Mar 31, 2019.
             Was the Champion of Okawaru.
             Killed from afar by Roxanne (39 damage)
             ... with an iron shot
             ... on level 1 of the Swamp.
             The game lasted 01:15:54 (14157 turns).

sagitran the Cleaver (Human Wanderer)              Turns: 14157, Time: 01:15:54

Health: -15/154    AC: 26    Str: 13    XL:     13   Next: 99%
Magic:  0/20       EV:  2    Int: 19    God:    Okawaru [******]
Gold:   736        SH:  0    Dex: 18    Spells: 11/19 levels left

rFire    . . .     SeeInvis .   J - +11 trident of the Dark Horse {pierce, Int+4 Dex+3}
rCold    . . .     Gourm    .   e - +0 buckler
rNeg     + + +     Faith    .   (armour currently unavailable)
rPois    +         Spirit   +   (helmet currently unavailable)
rElec    .         Reflect  .   (cloak currently unavailable)
rCorr    .         Harm     .   (gloves currently unavailable)
MR       .....     NoTele   +   (boots currently unavailable)
Stlth    +.........             C - amulet of guardian spirit
HPRegen  0.35/turn              q - +4 ring of slaying
MPRegen  0.17/turn              y - ring of wizardry

@: confused, tree-form, hasted, very quick
A: high mp 1
a: Heroism, Finesse, Renounce Religion


You were on level 1 of the Swamp.
You worshipped Okawaru.
Okawaru was exalted by your worship.
You were not hungry.
You were a tree.
You visited 4 branches of the dungeon, and saw 17 of its levels.

You collected 1069 gold pieces.
You spent 333 gold pieces at shops.

Inventory:

Hand Weapons
 n - a +9 hand axe of electrocution
 t - a +4 morningstar of protection
 J - the +11 trident of the Dark Horse (weapon) {pierce, Int+4 Dex+3}
   (You found it on level 8 of the Dungeon)

   It inflicts extra damage upon your enemies.
   It affects your intelligence (+4).
   It affects your dexterity (+3).
 Z - the +12 trident of the Turnip {flame, Dex+2}
   (You found it on level 12 of the Dungeon)

   It has been specially enchanted to burn those struck by it, causing extra
   injury to most foes and up to half again as much damage against particularly
   susceptible opponents.
   It affects your dexterity (+2).
Missiles
 j - 16 tomahawks (quivered)
 s - 4 steel tomahawks
 z - 123 arrows
 U - a throwing net
Armour
 b - a +2 scale mail (melded)
 e - a +0 buckler (worn)
 i - a +0 pair of boots (melded)
 o - a +0 troll leather armour
 P - a scarf of spirit shield (melded)
 X - a +0 pair of gloves (melded)
 Y - a +2 hat of see invisible (melded)
Jewellery
 l - a +1 ring of evasion {unknown}
 q - a +4 ring of slaying (left branch)
 y - a ring of wizardry (right branch)
 C - an amulet of guardian spirit (around neck)
 O - an uncursed ring of flight {unknown}
 S - a +3 ring of dexterity {unknown}
Wands
 r - a wand of iceblast (8)
 w - a wand of flame (23)
 K - a wand of random effects (53)
 W - a wand of paralysis (11)
Scrolls
 c - 9 scrolls of teleportation
 g - 5 scrolls of remove curse
 h - 3 scrolls of immolation
 m - 4 scrolls of fear
 p - 3 scrolls of random uselessness {unknown}
 v - 4 scrolls of amnesia {unknown}
 A - 2 scrolls of acquirement {unknown}
 B - 3 scrolls of magic mapping {unknown}
 E - a scroll of vulnerability {unknown}
 F - 3 scrolls of blinking
 G - a scroll of silence {unknown}
 H - a scroll of brand weapon {unknown}
 I - 3 scrolls of fog
Potions
 f - a potion of flight
 k - a potion of brilliance
 u - a potion of cancellation
 M - a potion of resistance {unknown}
 N - a potion of invisibility
 Q - a potion of magic {unknown}
Comestibles
 d - 19 rations


   Skills:
 + Level 10.2 Fighting
 + Level 12.0(13.0) Axes
 + Level 4.7(9.2) Maces & Flails
 + Level 7.4(10.7) Polearms
 + Level 3.7 Throwing
 + Level 9.1 Armour
 + Level 6.4 Dodging
 + Level 2.1 Stealth
 + Level 5.8 Shields
 + Level 0.3 Unarmed Combat
 + Level 3.9 Spellcasting
 + Level 1.2 Hexes
 + Level 4.0 Transmutations
 + Level 0.1 Poison Magic
 + Level 2.2 Invocations
 + Level 0.5 Evocations


You had 11 spell levels left.
You knew the following spells:

 Your Spells              Type           Power        Failure   Level  Hunger
a - Sticks to Snakes      Tmut           ###.....     1%          2    ##.....
b - Spider Form           Tmut/Pois      ##........   8%          3    ###....
c - Confuse               Hex            #.......     11%         3    ###....

Your spell library contained the following spells:

 Spells                   Type           Power        Failure   Level  Hunger
 Beastly Appendage        Tmut           ###...       1%          1    None
 Confusing Touch          Hex            #.....       3%          1    None
 Corona                   Hex            #......      3%          1    None
 Slow                     Hex            #.......     5%          2    ##.....
 Infusion                 Chrm           #...         6%          1    None
 Magic Dart               Conj           #...         6%          1    None
 Shock                    Conj/Air       #...         6%          1    None
 Ensorcelled Hibernation  Hex/Ice        #.....       6%          2    ##.....
 Blink                    Tloc           N/A          9%          2    ##.....
 Call Imp                 Summ           #.......     9%          2    ##.....
 Shroud of Golubria       Chrm/Tloc      #.........   9%          2    ##.....
 Song of Slaying          Chrm           #.......     9%          2    ##.....
 Swiftness                Chrm/Air       #.......     9%          2    ##.....
 Tukima's Dance           Hex            #.......     11%         3    ###....
 Dazzling Spray           Conj/Hex       #.....       13%         3    ###....
 Spectral Weapon          Hex/Chrm       #.......     13%         3    ###....
 Conjure Flame            Conj/Fire      #.......     16%         3    ###....
 Gell's Gravitas          Tloc           #.........   16%         3    ###....
 Mephitic Cloud           Conj/Pois/Air  #.......     16%         3    ###....
 Regeneration             Chrm/Necr      #.........   16%         3    ###....
 Static Discharge         Conj/Air       #.......     16%         3    ###....
 Ice Form                 Ice/Tmut       ##......     24%         4    ####...
 Petrify                  Tmut/Erth      ##......     24%         4    ####...
 Blade Hands              Tmut           ###.......   28%         5    ######.
 Airstrike                Air            #.........   45%         4    ####...
 Yara's Violent Unravell  Hex/Tmut       ##........   45%         5    ######.
 Metabolic Englaciation   Hex/Ice        #.........   71%         5    ######.
 Lightning Bolt           Conj/Air       #.........   80%         5    ######.


Dungeon Overview and Level Annotations

Branches:
Dungeon (12/15)            Temple (1/1) D:7            Lair (3/6) D:9
  Swamp (1/4) Lair:2          Orc (0/2) D:10
  Snake: Lair:2-4    Spider: Lair:2-4

Altars:
Ashenzari
Cheibriados
Dithmenos
Elyvilon
Fedhas
Gozag
Hepliaklqana
Kikubaaqudgha
Makhleb
Nemelex Xobeh
Okawaru
Qazlal
Ru
Sif Muna
Trog
Uskayaw
Vehumet
Wu Jian
Xom
Yredelemnul
Zin
The Shining One

Shops:
D:5 *(([   D:10 =   D:12 :

Annotations:
Swamp:1 exclusion: Roxanne, Roxanne


Innate Abilities, Weirdness & Mutations

((You have a pair of small horns on your head.))
You have an increased reservoir of magic. (+10% MP)
((You are resistant to electric shocks. (rElec)))


Message History

You hit Roxanne but do no damage.
Roxanne is severely damaged.
It was a potion of flight.
Your roots keep you in place.
Roxanne casts a spell.
The iron shot misses you.
It was a potion of ambrosia.
You are confused.
You feel invigorated.
You cannot move. (Use ctrl+direction or * direction to attack without moving.) Wield which item (- for none, * to show all)? (? for menu, Esc to quit)
Okay, then.
You cannot move. (Use ctrl+direction or * direction to attack without moving.)
You cannot move. (Use ctrl+direction or * direction to attack without moving.)
You barely miss Roxanne.
Roxanne is severely damaged.
You hit Roxanne.
Roxanne is almost destroyed.
Roxanne mumbles some strange words.
The iron shot hits you!!!
You die...

♣.≈≈≈≈≈≈.÷ ♣♣...≈♣♣
♣≈≈≈≈≈≈≈.≈ ♣♣......♣
♣≈≈≈≈≈..≈≈
♣♣..≈≈.≈.♣♣♣...≈≈≈...
..≈.....≈♣≈..≈.≈..♣≈
♣≈........≈≈≈.≈≈..§♣
♣♣.....≈♣♣.≈≈≈.♣♣♣≈..
♣§..8..♣♣♣≈.≈.≈♣ ♣♣.≈
♣♣...♣...♣♣≈♣..♣♣ ♣♣≈
♣..≈≈.≈≈..≈.♣♣♣♣♣ ♣♣
...≈...≈≈≈..≈≈.≈.≈♣♣ ♣
=...≈.?≈≈≈§...≈≈§.≈♣♣♣
..≈♣♣♣.≈≈≈.♣♣..≈≈≈..≈♣♣♣
♣♣♣♣♣♣....≈♣♣♣.≈≈≈....♣♣
♣....♣≈.........≈..♣♣♣.≈
♣♣♣.....≈♣♣..≈≈≈.≈....≈≈≈≈
♣....≈..♣♣♣≈.≈≈≈.♣♣≈...≈≈≈


You could see Roxanne.

Vanquished Creatures
  Gastronok (D:12)
  A hydra (Swamp:1)
  Erica (D:9)
  A centaur warrior (D:9)
  2 two-headed ogres
  7 death yaks
  2 alligators (Swamp:1)
  2 unseen horrors
  Pikel (D:7)
  2 ugly things (D:11)
  2 deep elf magi
  A centaur zombie (D:12)
  5 spiny frogs
  A gargoyle (D:12)
  Joseph (D:9)
  A rime drake (Lair:2)
  A komodo dragon (Lair:2)
  2 trolls (D:12)
  2 tyrant leeches (Swamp:1)
  A hornet (Swamp:1)
  Grinder (D:3)
  4 hippogriffs
  2 shadows (D:12)
  A wyvern (D:12)
  3 hogs (D:8)
  25 yaks
  Grum (D:9)
  A human (D:8)
  2 hungry ghosts (D:10)
  A steam dragon (D:11)
  7 vampire mosquitoes (Swamp:1)
  3 swamp worms (Swamp:1)
  A water moccasin (Lair:1)
  Duvessa (D:5)
  2 porcupines (Lair:2)
  4 orc warriors
  A sky beast (D:6)
  An eye of draining (D:12)
  2 ice beasts
  2 slaves
  2 phantoms
  5 ogres
  2 wolves
  2 crocodiles (Lair:1)
  4 centaurs
  A big kobold (D:12)
  Blork the orc (D:5)
  14 bullfrogs
  Dowan (D:5)
  A water moccasin zombie (D:8)
  3 scorpions
  3 killer bees (D:11)
  2 howler monkeys
  6 wights
  4 electric eels (Lair:2)
  5 crimson imps
  3 bullfrog zombies
  A quasit (D:10)
  7 orc priests
  6 hounds
  Crazy Yiuf (D:7)
  3 centaur skeletons
  2 jellies
  3 bullfrog skeletons
  6 iguanas
  12 orc wizards
  14 worker ants
  A killer bee zombie (D:10)
  A hound zombie (D:10)
  2 hound skeletons
  Robin (D:3)
  24 gnolls
  13 adders
  A shadow imp (D:5)
  An adder skeleton (D:5)
  A worm (D:4)
  A dart slug (D:1)
  4 leopard geckos
  44 orcs
  4 bats
  A bat skeleton (D:2)
  6 giant cockroaches
  48 goblins
  37 hobgoblins
  17 jackals
  14 kobolds
  2 quokkas
  A ball python (D:1)
  4 frilled lizards
  A quokka skeleton (D:4)
  A quokka zombie (D:6)
  6 rats
452 creatures vanquished.

Vanquished Creatures (collateral kills)
  A bullfrog (D:7)
  An orc wizard (D:7)
  An orc priest (D:7)
3 creatures vanquished.

Vanquished Creatures (others)
  An orc priest (D:7)
  An orc (D:7)
2 creatures vanquished.

Grand Total: 457 creatures vanquished

Notes
Turn   | Place    | Note
-------+----------+-------------------------------------------
     0 | D:1      | sagitran the Human Wanderer began the quest for the Orb.
     0 | D:1      | sagitran set off with the following items: a +0 mace, a +2
                  | scale mail, a scroll of teleportation, a ration
     0 | D:1      | Reached XP level 1. HP: 19/19 MP: 1/1
   113 | D:1      | Reached XP level 2. HP: 26/26 MP: 2/2
   233 | D:1      | Reached XP level 3. HP: 22/31 MP: 3/3
  1185 | D:2      | Reached XP level 4. HP: 35/38 MP: 4/4
  2045 | D:3      | Noticed Grinder
  2132 | D:3      | Reached XP level 5. HP: 42/43 MP: 5/5
  2135 | D:3      | Noticed Robin
  2144 | D:3      | Killed Robin
  2144 | D:3      | Reached skill level 5 in Fighting
  2386 | D:3      | Paralysed by Grinder for 2 turns
  2404 | D:3      | Paralysed by Grinder for 6 turns
  2421 | D:3      | Paralysed by Grinder for 6 turns
  2443 | D:3      | Killed Grinder
  2443 | D:3      | Reached XP level 6. HP: 26/51 MP: 6/6
  2693 | D:4      | Noticed an ogre
  2854 | D:4      | Reached XP level 7. HP: 46/56 MP: 7/7
  2978 | D:5      | Entered Level 5 of the Dungeon
  3033 | D:4      | Found an iron altar of Okawaru.
  3052 | D:4      | Became a worshipper of Warmaster Okawaru
  3303 | D:4      | Got a bloodstained leather armour
  3309 | D:4      | Identified the +1 leather armour "Akhuogum" {rCorr MP-9
                  | Str+3 Dex+5} (You found it on level 4 of the Dungeon)
  3361 | D:4      | Reached skill level 1 in Axes
  3589 | D:5      | Reached * piety under Okawaru
  3589 | D:5      | Reached XP level 8. HP: 63/63 MP: 8/8
  3601 | D:5      | Reached skill level 2 in Axes
  3659 | D:5      | Found Lianasule's Antique Weapon Boutique.
  3680 | D:5      | Found Icepp's Weapon Boutique.
  3696 | D:5      | Found Nucyok's Assorted Antiques.
  3710 | D:5      | Reached skill level 3 in Axes
  3826 | D:5      | Bought a crooked copper wand for 116 gold pieces
  3826 | D:5      | Bought a scroll of enchant weapon for 217 gold pieces
  3866 | D:5      | Found Dacoukov's Armour Shop.
  3895 | D:5      | Noticed Blork the orc
  3901 | D:5      | Killed Blork the orc
  3921 | D:5      | Reached skill level 1 in Throwing
  4081 | D:5      | Reached skill level 4 in Axes
  4162 | D:5      | Noticed Duvessa
  4163 | D:5      | Noticed Dowan
  4166 | D:5      | Killed Duvessa
  4166 | D:5      | Reached ** piety under Okawaru
  4172 | D:5      | Killed Dowan
  4172 | D:5      | Reached XP level 9. HP: 69/69 MP: 9/9
  4297 | D:5      | Reached skill level 5 in Axes
  4838 | D:6      | Reached skill level 6 in Axes
  5313 | D:6      | Reached skill level 5 in Armour
  5706 | D:6      | Learned a level 2 spell: Sticks to Snakes
  6022 | D:7      | Reached skill level 7 in Axes
  6026 | D:7      | Reached *** piety under Okawaru
  6114 | D:7      | Noticed Pikel
  6137 | D:7      | Killed Pikel
  6137 | D:7      | Reached skill level 1 in Transmutations
  6137 | D:7      | Reached XP level 10. HP: 64/77 MP: 3/11
  6142 | D:7      | Learned a level 3 spell: Spider Form
  6278 | D:7      | Reached skill level 1 in Spellcasting
  6282 | D:7      | Reached **** piety under Okawaru
  6668 | D:7      | Found a staircase to the Ecumenical Temple.
  6734 | Temple   | Entered the Ecumenical Temple
  6940 | D:7      | Found a runed translucent door.
  6941 | D:7      | Noticed Crazy Yiuf
  6944 | D:7      | Gained mutation: You are frail. (-10% HP) [potion of
                  | mutation]
  6944 | D:7      | Gained mutation: You are resistant to electric shocks.
                  | (rElec) [potion of mutation]
  6944 | D:7      | Gained mutation: You are partially covered in iridescent
                  | scales. (AC +2) [potion of mutation]
  6945 | D:7      | Lost mutation: You are frail. (-10% HP) [potion of
                  | mutation]
  6945 | D:7      | Lost mutation: You are partially covered in iridescent
                  | scales. (AC +2) [potion of mutation]
  6945 | D:7      | Gained mutation: You have a pair of small horns on your
                  | head. [potion of mutation]
  6945 | D:7      | Gained mutation: You have an increased reservoir of magic.
                  | (+10% MP) [potion of mutation]
  6948 | D:7      | Killed Crazy Yiuf
  7330 | D:8      | Learned a level 3 spell: Confuse
  7352 | D:8      | Got a jewelled trident
  7539 | D:8      | Reached skill level 8 in Axes
  7539 | D:8      | Received a gift from Okawaru
  7581 | D:8      | Noticed a deep elf mage
  7587 | D:8      | Killed a deep elf mage
  7587 | D:8      | Received a gift from Okawaru
  7636 | D:9      | Noticed a death yak
  7637 | D:9      | Noticed a death yak
  7643 | D:9      | Noticed a death yak
  7648 | D:8      | Killed a death yak
  7648 | D:8      | Reached XP level 11. HP: 66/84 MP: 10/16
  7711 | D:9      | Noticed a death yak
  7711 | D:9      | Noticed a death yak
  7711 | D:9      | Noticed a death yak
  7721 | D:8      | Killed a death yak
  7721 | D:8      | Reached ***** piety under Okawaru
  8029 | D:8      | Reached skill level 9 in Axes
  8060 | D:9      | Noticed a death yak
  8074 | D:8      | Killed a death yak
  8074 | D:8      | Reached skill level 5 in Dodging
  8242 | D:8      | Killed a death yak
  8242 | D:8      | Reached skill level 1 in Hexes
  8306 | D:8      | Killed a death yak
  8464 | D:9      | Killed a death yak
  8464 | D:9      | Received a gift from Okawaru
  8464 | D:9      | Reached skill level 1 in Invocations
  8468 | D:9      | Killed a death yak
  8468 | D:9      | Reached skill level 10 in Axes
  8472 | D:9      | Found a staircase to the Lair.
  8803 | D:9      | Noticed Erica
  8812 | D:10     | Entered Level 10 of the Dungeon
  8812 | D:10     | Noticed a two-headed ogre
  8984 | D:9      | Killed Erica
  8984 | D:9      | Received a gift from Okawaru
  8986 | D:9      | Noticed Joseph
  9071 | D:9      | Killed Joseph
  9075 | D:9      | Noticed Grum
  9089 | D:9      | Killed Grum
  9089 | D:9      | Reached XP level 12. HP: 74/93 MP: 10/18
  9196 | D:9      | Noticed a centaur warrior
  9203 | D:9      | Killed a centaur warrior
  9559 | D:10     | Reached skill level 5 in Shields
  9581 | D:10     | Identified the +11 trident of the Dark Horse {pierce, Int+4
                  | Dex+3} (You found it on level 8 of the Dungeon)
  9620 | D:10     | Found a staircase to the Orcish Mines.
  9752 | D:10     | Killed a two-headed ogre
  9752 | D:10     | Reached skill level 1 in Polearms
  9888 | D:11     | Killed an unseen horror
 10396 | D:10     | Killed an unseen horror
 10396 | D:10     | Reached skill level 11 in Axes
 10478 | D:10     | Found Rexut's Jewellery Shoppe.
 11041 | D:11     | Found a hazy altar of Hepliaklqana.
 11345 | D:12     | Found Oxkecoph's Book Shop.
 11497 | D:12     | Reached ****** piety under Okawaru
 11539 | D:12     | Noticed Gastronok
 11547 | D:12     | Reached XP level 13. HP: 68/101 MP: 18/20
 11573 | D:12     | Killed Gastronok
 11573 | D:12     | Received a gift from Okawaru
 11573 | D:12     | Reached skill level 5 in Polearms
 11734 | D:12     | Got a translucent trident
 11735 | D:12     | Identified the +12 trident of the Turnip {flame, Dex+2}
                  | (You found it on level 12 of the Dungeon)
 12055 | Lair:1   | Entered Level 1 of the Lair of Beasts
 12222 | Lair:1   | You fall through a shaft!
 12860 | Lair:2   | Found a staircase to the Swamp.
 12874 | Lair:2   | Received a gift from Okawaru
 13049 | Swamp:1  | Entered Level 1 of the Swamp
 13070 | Swamp:1  | Reached skill level 10 in Fighting
 13562 | Swamp:1  | Noticed a six-headed hydra
 13571 | Swamp:1  | Killed a six-headed hydra
 13595 | Swamp:1  | Noticed Roxanne
 13848 | Swamp:1  | Reached skill level 12 in Axes
 14157 | Swamp:1  | Killed from afar by Roxanne

Skill      XL: |  1  2  3  4  5  6  7  8  9 10 11 12 13 |
---------------+----------------------------------------+-----
Maces & Flails | 2 3 4 |  4.7
Fighting       | 5 6 7 8 9 10 | 10.2
Armour         | 2 3 4 6 7 8 9 |  9.1
Shields        | 2 3 4 5 |  5.8
Dodging        | 3 4 5 6 |  6.4
Axes           | 1 4 7 8 10 11 12 | 12.0
Throwing       | 1 2 3 |  3.7
Transmutations | 1 3 4 |  4.0
Spellcasting   | 2 3 |  3.9
Hexes          | 1 |  1.2
Invocations    | 1 2 |  2.2
Stealth        | 2 |  2.1
Polearms       | 4 7 |  7.4
Unarmed Combat | |  0.3
Poison Magic   | |  0.1
Evocations     | |  0.5

Action                   |  1- 3 |  4- 6 |  7- 9 | 10-12 | 13-15 || total
-------------------------+-------+-------+-------+-------+-------++-------
Melee: Mace              |   124 |   217 |    33 |       |       ||   374
       Hand axe          |       |       |   254 |   247 |    79 ||   580
       Dagger            |       |       |     5 |       |       ||     5
       Headbutt          |       |       |       |    64 |    37 ||   101
       Trident           |       |       |       |   101 |   145 ||   246
       Unarmed           |       |       |       |       |    10 ||    10
Throw: Tomahawk          |       |     1 |    24 |    19 |     9 ||    53
 Cast: Sticks to Snakes  |       |       |     3 |    13 |       ||    16
       Confuse           |       |       |       |     1 |       ||     1
       Spider Form       |       |       |       |       |     1 ||     1
Invok: Heroism           |       |       |       |     4 |       ||     4
       Finesse           |       |       |       |     2 |       ||     2
Evoke: Wand              |       |       |       |     2 |       ||     2
  Use: Scroll            |       |     6 |    13 |     6 |       ||    25
       Potion            |       |     5 |     1 |     5 |     8 ||    19
  Eat: Chunk             |     1 |     2 |       |     1 |       ||     4
       Ration            |       |     2 |     3 |     6 |     2 ||    13
Armor: Scale mail        |    86 |   127 |   136 |   100 |    76 ||   525
       Skin              |       |    23 |       |       |     5 ||    28
Dodge: Dodged            |    70 |   113 |   159 |   118 |   156 ||   616
Block: Buckler           |    17 |    53 |    78 |    67 |    50 ||   265
